 Dungeon Crawl Stone Soup version 0.30-a0-365-ge7f957f1db (webtiles) character file.

Game seed: 4580203835986582222

2914 sanka the Grappler (level 9, 0/89 HPs)
             Began as a Troll Summoner on Nov 16, 2022.
             Was a Priest of Okawaru.
             Slain by Duvessa
             ... wielding a +0 short sword
              (6 damage)
             ... on level 7 of the Dungeon.
             The game lasted 00:11:06 (5400 turns).

sanka the Grappler (Troll Summoner)                 Turns: 5400, Time: 00:11:06

Health: 0/89       AC:  5    Str: 22    XL:     9   Next: 50%
Magic:  10/11      EV: 11    Int: 11    God:    Okawaru [***...]
Gold:   345        SH:  0    Dex: 10    Spells: 7/10 levels left

rFire   . . .      SeeInvis .      - Unarmed
rCold   . . .      Faith    .    (no shield)
rNeg    + . .      Spirit   .    C - +1 robe
rPois   +          Reflect  .    (helmet restricted)
rElec   .          Harm     .    (no cloak)
rCorr   .          Rampage  .    (gloves unavailable)
Will    .....                    (boots unavailable)
Stlth   +++.......               o - amulet of regeneration
HPRegen 1.94/turn                y - ring of poison resistance
MPRegen 0.12/turn                k - ring of positive energy

@: about to teleport, heroic
A: large, unfitting armour, claws 3, regeneration 1, shaggy fur 1, tough skin 1
a: Renounce Religion, Heroism


You were on level 7 of the Dungeon.
You worshipped Okawaru.
Okawaru was most pleased with you.
You visited 2 branches of the dungeon, and saw 8 of its levels.
You also visited: Sewer.

You collected 345 gold pieces.


Innate Abilities, Weirdness & Mutations

You are too large for most types of armour.
You have claws for hands.
Your natural rate of healing is unusually fast.
You are covered in fur. (AC +1)
You have tough skin. (AC +1)


   Skills:
 + Level 6.0(11.0) Fighting
 - Level 1.5(6.5) Dodging
 - Level 1.0(6.0) Stealth
 + Level 10.0(15.0) Unarmed Combat
 - Level 1.2 Spellcasting
 - Level 2.9 Summonings
 - Level 4.0 Invocations


You had 7 spell levels left.
You knew the following spells:

 Your Spells              Type           Power      Damage    Failure   Level
x - Call Imp              Summ           7%         N/A       14%         2
z - Summon Small Mammal   Summ           28%        N/A       10%         1

Your spell library contained the following spells:

 Spells                   Type           Power      Damage    Failure   Level
 Shock                    Conj/Air       0%         1d3       32%         1
 Scorch                   Fire           0%         2d5       43%         2
 Swiftness                Air            0%         N/A       67%         3
 Airstrike                Air            0%         2d(0-16)  97%         4
 Flame Wave               Conj/Fire      0%         2d4       97%         4
 Call Canine Familiar     Summ           Unusable   N/A       N/A         3
 Summon Guardian Golem    Hex/Summ       Unusable   N/A       N/A         3
 Summon Lightning Spire   Summ/Air       Unusable   N/A       N/A         4
 Summon Cactus Giant      Summ           Unusable   N/A       N/A         6

Inventory:

Missiles
 p - 6 curare-tipped darts {=f}
Armour
 C - a +1 robe (worn)
Jewellery
 k - a ring of positive energy (right claw)
 o - an amulet of regeneration (around neck)
 r - a ring of resist corrosion
 y - a ring of poison resistance (left claw)
Wands
 D - a wand of flame (15)
Scrolls
 a - a scroll of amnesia {unknown}
 c - a scroll of immolation {unknown}
 d - a scroll of magic mapping {unknown}
 e - 3 scrolls of blinking {unknown}
 g - 4 scrolls of fog {unknown}
 i - 4 scrolls of identify {unknown}
 j - 4 scrolls of teleportation {@r4}
 q - 2 scrolls of fear {unknown}
 s - a scroll of enchant armour {unknown}
 u - a scroll of noise {unknown}
 x - 3 scrolls of enchant weapon {unknown}
Potions
 b - 2 potions of magic
 f - 3 potions of heal wounds {unknown}
 h - 4 potions of curing {@q1}
 l - 3 potions of flight {unknown}
 m - a potion of brilliance {unknown}
 n - 4 potions of mutation {unknown}
 t - a potion of degeneration {unknown}
 v - 3 potions of invisibility {unknown}
 w - a potion of might {unknown}
 z - a potion of resistance
 A - a potion of haste {unknown}
 B - a potion of cancellation {unknown}

Dungeon Overview and Level Annotations

Branches:
Dungeon (7/15)             Temple (1/1) D:4           Sewer (visited)

Altars:
Ashenzari
Cheibriados
Dithmenos
Elyvilon
Fedhas
Gozag
Hepliaklqana
Kikubaaqudgha
Makhleb
Nemelex Xobeh
Okawaru
Qazlal
Ru
Sif Muna
Trog
Uskayaw
Vehumet
Wu Jian
Xom
Yredelemnul
Zin
The Shining One

Shops:
D:6 =

Annotations:
D:6 2 transporters
D:7 Duvessa

▒▒ ▒▒▒ ... ▒▒▒.. ▒.▒
...▒▒▒▒▒..▒ ... ▒
▒.......▒ ..▒ .
▒T5....▒ ..▒ ▒.
▒.eY...▒ ▒▒▒.▒▒..
▒......▒ ▒....zz▒
▒▒▒▒▒z▒▒ ▒...z..▒
.▒▒▒▒▒..▒▒ ▒..z...▒
▒.....▒▒..▒ ▒...<..▒
.......▒▒.▒▒▒.......
........▒.z.~zF.....
........▒▒▒..O......


You could see Duvessa (berserk), a sky beast, a wight and an ufetubus.


Message History

Duvessa hits you with a +0 short sword.
* * * LOW HITPOINT WARNING * * *
Duvessa rages.
You hear a shout!
The ufetubus completely misses you.
The ufetubus hits you but does no damage.
The ufetubus attacks as you move away!
The ufetubus hits you but does no damage.
The ufetubus hits you but does no damage.
The ufetubus attacks as you move away! The ufetubus hits you.
* * * LOW HITPOINT WARNING * * *
The ufetubus hits you.
* * * LOW HITPOINT WARNING * * *
The ufetubus hits you.
* * * LOW HITPOINT WARNING * * *
The ufetubus hits you but does no damage.
Duvessa attacks as you move away! Duvessa closely misses you.
There is a stone staircase leading down here.
As you read the scroll of teleportation {@r4}, it crumbles to dust.
You feel strangely unstable. The ufetubus misses you. The ufetubus hits you.
* * * LOW HITPOINT WARNING * * *
Duvessa barely misses you. The ufetubus completely misses you.
The ufetubus barely misses you. Duvessa hits you with a +0 short sword.
You die...

Action                   |  1- 3 |  4- 6 |  7- 9 || total
-------------------------+-------+-------+-------++-------
Melee: Unarmed           |   132 |   212 |   176 ||   520
       Punch             |     1 |     3 |    12 ||    16
 Cast: Call Imp          |       |     2 |       ||     2
Invok: Heroism           |       |       |     2 ||     2
  Use: Potion            |       |     2 |       ||     2
       Scroll            |       |       |     2 ||     2
 Stab: Sleeping          |     1 |       |     1 ||     2
Armor: Robe              |    52 |   114 |    43 ||   209
Dodge: Dodged            |    60 |   150 |    59 ||   269

Levels and vault maps discovered:
D:1:      minmay_arrival_floating_metal, layout_basic, minmay_tetromino_l4
D:2:      kennysheep_six_static_rooms, layout_rooms, serial_curves,
          eino_curves_03, eino_curves_02
D:3:      layout_basic, nicolae_kikubaaqudgha_miasma_corner,
          portal_sewer_entry_f, grunt_decor_mini_mirrors
D:4:      layout_cave_pools, amcnicky_altar_gilded, makhleb_altar_promises_db,
          nicolae_ru_sacrificial_ziggurat, minmay_temple_entry_glassed_door
D:5:      layout_basic, kennysheep_mini, hangedman_decor_peaks_small,
          minmay_misc_feat_tower, chequers_serial_rivers_micro_c,
          dk_noncrumbling_4, chequers_serial_rivers_marsh, minivault_23,
          minivault_14, uniq_pikel
D:6:      gammafunk_wand_slinger, layout_cave_pods,
          nicolae_overflow_crystal_walls, serial_shops, shop,
          supply_closet_lemuel, feat_on_display
D:7:      layout_rooms, enter_ossuary_5, minmay_crystal_room, uniq_duvessa,
          uniq_joseph
Temple:   nicolae_temple_superstar

Notes
Turn   | Place    | Note
-------+----------+-------------------------------------------
     0 | D:1      | sanka the Troll Summoner began the quest for the Orb.
     0 | D:1      | Reached XP level 1. HP: 16/16 MP: 1/1
   105 | D:1      | Reached skill level 1 in Unarmed Combat
   199 | D:1      | Reached XP level 2. HP: 19/24 MP: 2/2
   231 | D:1      | Reached skill level 2 in Unarmed Combat
   555 | D:1      | Reached XP level 3. HP: 31/31 MP: 3/3
   826 | D:2      | Reached skill level 3 in Unarmed Combat
  1186 | D:2      | Reached XP level 4. HP: 38/39 MP: 4/4
  1424 | D:3      | Reached skill level 4 in Unarmed Combat
  1538 | D:3      | Found an ancient bone altar of Kikubaaqudgha.
  1721 | D:3      | Found a glowing drain.
  1746 | Sewer    | Entered a sewer
  1788 | Sewer    | Reached XP level 5. HP: 45/45 MP: 5/5
  1791 | Sewer    | Learned a level 2 spell: Call Imp
  1892 | Sewer    | Reached skill level 5 in Unarmed Combat
  1980 | Sewer    | Reached skill level 6 in Unarmed Combat
  1980 | Sewer    | Reached XP level 6. HP: 23/53 MP: 3/6
  1983 | Sewer    | HP: 4/53 [bullfrog (6)]
  2667 | D:4      | Reached skill level 7 in Unarmed Combat
  2776 | D:4      | Reached XP level 7. HP: 50/59 MP: 7/7
  2825 | D:4      | Found a staircase to the Ecumenical Temple.
  2835 | Temple   | Entered the Ecumenical Temple
  2951 | Temple   | Became a worshipper of Warmaster Okawaru
  3071 | D:4      | Found a shimmering altar of Xom.
  3170 | D:4      | Found a burning altar of Makhleb.
  3170 | D:4      | Noticed a balrug
  3173 | D:4      | Noticed a hellwing
  3173 | D:4      | Noticed a hellwing
  3253 | D:4      | Found a sacrificial altar of Ru.
  3434 | D:5      | Entered Level 5 of the Dungeon
  3437 | D:5      | Noticed Pikel
  3459 | D:5      | Killed Pikel
  3459 | D:5      | Reached * piety under Okawaru
  3459 | D:5      | Reached ** piety under Okawaru
  3460 | D:5      | Reached skill level 9 in Unarmed Combat
  3460 | D:5      | Reached XP level 8. HP: 16/67 MP: 8/8
  3821 | D:5      | Reached skill level 1 in Invocations
  4100 | D:5      | Found a hazy altar of Hepliaklqana.
  4378 | D:6      | Reached skill level 2 in Invocations
  4506 | D:6      | Found a transporter.
  4506 | D:6      | Noticed a kobold demonologist
  4521 | D:6      | Reached skill level 10 in Unarmed Combat
  4521 | D:6      | Reached skill level 3 in Invocations
  4527 | D:6      | Found a transporter.
  4550 | D:6      | Noticed an orc sorcerer
  4567 | D:6      | Reached skill level 1 in Fighting
  4646 | D:6      | Found an opulent altar of Gozag.
  4688 | D:6      | Reached skill level 2 in Fighting
  4688 | D:6      | Reached skill level 4 in Invocations
  4766 | D:6      | Reached *** piety under Okawaru
  4767 | D:6      | Reached skill level 3 in Fighting
  4767 | D:6      | Reached XP level 9. HP: 78/81 MP: 11/11
  4841 | D:6      | Found Tuinwol's Jewellery Shoppe.
  5360 | D:7      | Noticed Joseph
  5363 | D:7      | Reached skill level 4 in Fighting
  5371 | D:7      | Noticed Dowan
  5372 | D:7      | Noticed Duvessa
  5383 | D:7      | Reached skill level 5 in Fighting
  5383 | D:7      | Killed Dowan
  5391 | D:7      | HP: 3/88 [Joseph/+0 quarterstaff (13)]
  5392 | D:7      | Killed Joseph
  5393 | D:7      | Reached skill level 6 in Fighting
  5398 | D:7      | HP: 6/89 [ufetubus (2)]
  5400 | D:7      | Slain by Duvessa

Vanquished Creatures
  Pikel (D:5)
  Joseph (D:7)
  A hornet (D:7)
  An ice beast (D:6)
  2 ogres (D:6)
  A phantom (D:7)
  2 kobold brigands (D:6)
  6 bullfrogs
  A necrophage (D:5)
  A scorpion (D:6)
  4 wights
  Dowan (D:7)
  2 hounds
  5 orc priests
  4 jellies (D:6)
  An iguana (D:6)
  2 orc wizards (D:4)
  4 gnolls (D:4)
  12 adders
  3 river rats (Sewer)
  A white imp (D:6)
  3 worms
  A dart slug (D:2)
  14 orcs
  A bat (D:1)
  9 endoplasms
  6 giant cockroaches
  9 goblins
  10 hobgoblins
  11 jackals
  5 quokkas
  17 ball pythons
  6 frilled lizards
  14 kobolds
  22 rats
184 creatures vanquished.

Vanquished Creatures (collateral kills)
  A ball python (Sewer)
  A frilled lizard (Sewer)
2 creatures vanquished.

Grand Total: 186 creatures vanquished
